AoeStats
← branko1966

Arabia

510468845Analyzed
1v1 RM · 22h ago on Oct 1, 2026· 61m 26s· 2 players
Game mode
Random Map
Map size
Tiny (2 player)
Population
200
Speed
Normal
Resources
Standard
Victory
Conquest
Starting age
Dark Age
Ending age
Imperial Age
RankedLock teamsTeams togetherTeam positionsShared explorationLock speedFull tech treeHidden civsTurbo modeCheats
Victory
Defeat
🇲🇽 Mongols · Mexico
681
+9
🇺🇸 Poles · United States
517
-9
branko1966
4:35 Loom
11:59 Feudal Age
13:33 Horse Collar
13:54 Double-Bit Axe
20:40 Scale Barding Armor
20:48 Forging
25:06 Castle Age
23:42 Bloodlines
25:58 Thumb Ring
25:14 Elite Skirmisher
29:25 Light Cavalry
30:06 Husbandry
30:13 Padded Archer Armor
30:04 Fletching
31:32 Heavy Plow
32:30 Wheelbarrow
31:41 Town Watch
36:34 Bow Saw
38:28 Leather Archer Armor
38:09 Bodkin Arrow
38:18 Scale Mail Armor
39:13 Hand Cart
38:59 Town Patrol
40:56 Szlachta Privileges
45:27 Imperial Age
44:49 Chain Barding Armor
45:13 Iron Casting
45:47 Ballistics
45:24 Murder Holes
45:41 Masonry
45:40 Cavalier
46:52 Chain Mail Armor
46:45 Bracer
47:48 Blast Furnace
47:51 Winged Hussar
49:30 Crop Rotation
53:10 Conscription
53:26 Hoardings
luis_r_a_m_o_s
5:03 Loom
9:15 Feudal Age
10:23 Double-Bit Axe
10:35 Horse Collar
16:07 Wheelbarrow
20:27 Castle Age
19:02 Gold Mining
19:17 Fletching
21:11 Heavy Plow
21:27 Bow Saw
22:37 Gold Shaft Mining
25:20 Pikeman
26:04 Scale Mail Armor
27:39 Stone Mining
29:12 Bodkin Arrow
31:00 Hand Cart
31:41 Stone Shaft Mining
35:23 Imperial Age
33:21 Ballistics
33:08 Herbal Medicine
35:01 Forging
34:57 Scale Barding Armor
35:24 Padded Archer Armor
34:52 Light Cavalry
35:42 Bloodlines
35:33 Husbandry
36:13 Bracer
37:18 Chemistry
36:08 Hussar
37:21 Fervor
38:17 Thumb Ring
38:38 Parthian Tactics
40:34 Conscription
41:05 Chain Barding Armor
41:21 Iron Casting
42:12 Nomads
42:41 Leather Archer Armor
41:51 Elite Mangudai
44:10 Drill
45:51 Blast Furnace
44:53 Capped Ram
46:40 Siege Ram
47:52 Chain Mail Armor
49:06 Plate Mail Armor
48:54 Masonry
Connection lost

Rejoining the realm…

Still unreachable

The connection could not be restored.

Session expired

The server has moved on; the page needs a fresh start.